[Event "Late-Titled-Tuesday-Blitz-October-03-2023"]
[Site "Chess.com"]
[Date "2023.10.03"]
[Round "4"]
[White "maracayo"]
[Black "microbear"]
[Result "1-0"]
[WhiteElo "2409"]
[BlackElo "2184"]
[TimeControl "180+1"]
[EndTime "14:36:18 PDT"]
[Termination "maracayo won by resignation"]

1. e4 c5 2. Nc3 Nc6 3. f4 g6 4. Nf3 Bg7 5. Bc4 e6 6. d3 Nge7 7. a3 O-O 8. O-O d5 9. Ba2 Bxc3 10. bxc3 dxe4 11. dxe4 Qxd1 12. Rxd1 b6 13. Be3 Ba6 14. Rd6 Rfd8 15. Rad1 Rxd6 16. Rxd6 Rd8 17. Rxd8+ Nxd8 18. Kf2 Ndc6 19. g4 Na5 20. Nd2 Nec6 21. h3 Kf8 22. Kg3 Ke7 23. Kh4 f6 24. g5 fxg5+ 25.
Kxg5 e5 26. f5 gxf5 27. exf5 1-0

[Event "Late-Titled-Tuesday-Blitz-October-03-2023"]
[Site "Chess.com"]
[Date "2023.10.03"]
[Round "4"]
[White "svilson23"]
[Black "Chessnut2018"]
[Result "1-0"]
[WhiteElo "2210"]
[BlackElo "1261"]
[TimeControl "180+1"]
[EndTime "14:36:22 PDT"]
[Termination "svilson23 won by checkmate"]

1. d4 d5 2. Bg5 Nf6 3. Bxf6 exf6 4. e3 Be7 5. g3 O-O 6. Bg2 c6 7.
Ne2 a6 8. O-O b5 9. Nd2 Bf5 10.
a4 Nd7 11. Nb3 Bg6 12. Qd2 Qc7 13. h4 h5 14. Nf4 b4 15. a5 Rfc8 16. Qd1 Kh7 17. Nxh5 Bxh5 18. Qxh5+ Kg8 19. Rad1 Nf8 20. Rfe1 Nh7 21. e4 g6 22. Qg4 Bf8 23. h5 g5 24.
exd5 cxd5 25. Bxd5 Rab8 26. Nc5 Bxc5 27. dxc5 Qxc5 28. Bxf7+ Kxf7 29. Rd7+ Kg8 30. Ree7 Qxc2 31. Rg7+ Kf8 32. Rdf7+ Ke8 33. Qe6+ Kd8 34. Qd7# 1-0

[Event "Late-Titled-Tuesday-Blitz-October-03-2023"]
[Site "Chess.com"]
[Date "2023.10.03"]
[Round "4"]
[White "HamedWafa4"]
[Black "Rozhkov_V"]
[Result "1-0"]
[WhiteElo "2616"]
[BlackElo "2438"]
[TimeControl "180+1"]
[EndTime "14:36:23 PDT"]
[Termination "HamedWafa4 won on time"]

1. e4 e6 2. d4 d5 3. e5 c5 4. c3 Qb6 5. Nf3 Nc6 6. Be2 cxd4 7.
cxd4 Nh6 8. Bxh6 Qxb2 9. O-O gxh6 10. Nbd2 Nxd4 11. Rb1 Nxe2+ 12. Qxe2 Qa3 13. Nd4 a6 14. Rfd1 Bg7 15. Nf1 O-O 16. Rb3 Qa4 17. Ng3 f5 18. Nh5 Kh8 19. Rc1 Rg8 20. Qe3 Bd7 21. Rxb7 Rac8 22.
Rf1 Rc4 23. Nb3 Re4 24. Qa7 1-0

[Event "Late-Titled-Tuesday-Blitz-October-03-2023"]
[Site "Chess.com"]
[Date "2023.10.03"]
[Round "4"]
[White "Rutricks"]
[Black "subham777"]
[Result "0-1"]
[WhiteElo "2690"]
[BlackElo "2544"]
[TimeControl "180+1"]
[EndTime "14:36:27 PDT"]
[Termination "subham777 won by checkmate"]

1. c4 e6 2. b3 d5 3. Bb2 Nf6 4. Nf3 c5 5. g3 Nc6 6. Bg2 Be7 7.
O-O O-O 8. e3 d4 9. exd4 cxd4 10. Re1 d3 11. a3 a5 12. Bf1 Bc5 13. h3 Qd6 14. Kg2 b6 15. Nc3 Bb7 16. Nb5 Qd8 17.
Kg1 Qb8 18. Ne5 Nd7 19. Nxc6 Qxg3+ 20. Bg2 Bxc6 21. Qg4 Bxf2+ 22. Kf1 Bxg2# 0-1

[Event "Late-Titled-Tuesday-Blitz-October-03-2023"]
[Site "Chess.com"]
[Date "2023.10.03"]
[Round "4"]
[White "AlejandroBalde"]
[Black "cukus"]
[Result "0-1"]
[WhiteElo "2096"]
[BlackElo "2359"]
[TimeControl "180+1"]
[EndTime "14:36:27 PDT"]
[Termination "cukus won on time"]

1. e4 e6 2. d4 d5 3. exd5 exd5 4. c4 Nf6 5. Nc3 Bd6 6. Nf3 O-O 7. Be2 dxc4 8. O-O Bg4 9. Be3 Nbd7 10. Bxc4 Nb6 11.
Be2 Nbd5 12. h3 Bh5 13. Bg5 h6 14. Nxd5 hxg5 15. Nxf6+ Qxf6 16. Ne5 Bxe2 17. Qxe2 Rfe8 18. Qb5 Bxe5 19. dxe5 Qb6 20. Qxb6 axb6 21. Rfe1 Ra5 22.
Rad1 Re7 23. Rd8+ Kh7 24. Rd4 Kg6 25. h4 Raxe5 0-1

[Event "Late-Titled-Tuesday-Blitz-October-03-2023"]
[Site "Chess.com"]
[Date "2023.10.03"]
[Round "4"]
[White "chesskov1982"]
[Black "The_Straightforward_Rook"]
[Result "1-0"]
[WhiteElo "2831"]
[BlackElo "2555"]
[TimeControl "180+1"]
[EndTime "14:36:29 PDT"]
[Termination "chesskov1982 won by resignation"]

1. d4 Nf6 2. c4 e6 3. Nf3 b6 4. g3 Ba6 5. Qc2 c5 6. Bg2 Bb7 7. d5 exd5 8. Nh4 Nc6 9. cxd5 Nb4 10. Qd1 Bxd5 11. Bxd5 Nbxd5 12. e4 Nc7 13. e5 Nfd5 14. Nf5 Nb4 15. Nc3 Ne6 16. Ne4 Nc6 17. O-O h5 18. h4 Ncd4 19. Nfd6+ Bxd6 20. Nxd6+ Kf8 21. f4 g6 22. f5 gxf5 23. Kh2 Ng7 24. Bg5 Qc7 25. Be3 Nge6 26. Rc1 Qc6 27. Qd3 Qe4 28. Nxe4 fxe4 29. Qxe4 1-0

[Event "Late-Titled-Tuesday-Blitz-October-03-2023"]
[Site "Chess.com"]
[Date "2023.10.03"]
[Round "4"]
[White "RETURNOFTHELAGGER"]
[Black "akretchetov"]
[Result "1-0"]
[WhiteElo "2677"]
[BlackElo "2515"]
[TimeControl "180+1"]
[EndTime "14:36:30 PDT"]
[Termination "RETURNOFTHELAGGER won by resignation"]

1. e4 c6 2. d4 g6 3. Nc3 d5 4.
Be3 Bg7 5. e5 f6 6. f4 Nh6 7.
Nf3 O-O 8. h3 Nf7 9. Qd2 fxe5 10. fxe5 e6 11. O-O-O Nd7 12. h4 c5 13. h5 c4 14. hxg6 hxg6 15. Nh4 Nh8 16. Nb5 Nb6 17. Nd6 Qd7 18. c3 Qa4 19. Kb1 Bd7 20. Be2 Nc8 21.
Nxb7 Rb8 22. Nc5 Qc6 23. Rdf1 Rxf1+ 24. Rxf1 Ne7 25. g4 Be8 26. Bg5 Nc8 27. Bd1 Bxe5 28. Ba4 Qb6 29. Bxe8 Nd6 30. Bxg6 Nxg6 31. Nxg6 Bg7 32.
Ne7+ 1-0

[Event "Late-Titled-Tuesday-Blitz-October-03-2023"]
[Site "Chess.com"]
[Date "2023.10.03"]
[Round "4"]
[White "OYAcosta"]
[Black "DanielDardha2005"]
[Result "0-1"]
[WhiteElo "2194"]
[BlackElo "2898"]
[TimeControl "180+1"]
[EndTime "14:36:39 PDT"]
[Termination "DanielDardha2005 won by resignation"]

1. d4 a6 2. Nf3 d5 3. Bf4 Nf6 4. e3 Bf5 5. Bd3 e6 6. O-O Bd6 7. Ne5 O-O 8. Bxf5 exf5 9. c4 dxc4 10. Nxc4 Bxf4 11. exf4 Nc6 12. Qd3 Qxd4 13. Qxd4 Nxd4 14. Nc3 b5 15. Ne5 c5 16. Rfd1 Rad8 17. a3 Ne4 18. Kf1 Nb3 19. Rxd8 Rxd8 20. Rd1 Rxd1+ 21. Nxd1 f6 22. Nc6 Kf7 23. Nb8 a5 24. f3 Ned2+ 25.
Ke2 Ke6 26. Nc6 a4 27. Nc3 Nc4 28. Nxb5 Nxb2 29. Nc3 Kd6 30. Na7 Nd4+ 31. Kd2 Nc4+ 32. Kd3 Nxa3 33. Nxa4 Nac2 34. Nc8+ Kd7 35. Ncb6+ Kc6 36.
Nc8 Ne1+ 37. Kc4 Nxg2 38. Ne7+ Kd6 39. Nc8+ Kd7 40. Nxc5+ Kxc8 41. Kxd4 Nxf4 42. Ne6 Nxe6+ 43. Kd5 Kd7 0-1

[Event "Late-Titled-Tuesday-Blitz-October-03-2023"]
[Site "Chess.com"]
[Date "2023.10.03"]
[Round "4"]
[White "djano"]
[Black "Zq1"]
[Result "1-0"]
[WhiteElo "2685"]
[BlackElo "2518"]
[TimeControl "180+1"]
[EndTime "14:36:39 PDT"]
[Termination "djano won by resignation"]

1. e4 c5 2. Nc3 g6 3. Bc4 Bg7 4. h4 h5 5. Qf3 e6 6. d4 cxd4 7.
Nb5 d6 8. Bf4 Be5 9. Bxe5 dxe5 10. Qa3 Nh6 11. Nd6+ Kd7 12. f4 Nc6 13. fxe5 Nxe5 14.
Nf3 Nxf3+ 15. gxf3 Qe7 16. e5 Nf5 17. O-O-O Kc7 18.
c3 Nxd6 19. Qc5+ Kb8 20. exd6 Qd7 21. Bb5 Qd8 22. d7 Bxd7 23. Rxd4 1-0

[Event "Late-Titled-Tuesday-Blitz-October-03-2023"]
[Site "Chess.com"]
[Date "2023.10.03"]
[Round "4"]
[White "ARTHURMOTIVATOR"]
[Black "Lion_DL"]
[Result "1-0"]
[WhiteElo "2345"]
[BlackElo "2485"]
[TimeControl "180+1"]
[EndTime "14:36:50 PDT"]
[Termination "ARTHURMOTIVATOR won by resignation"]

1. e4 c5 2. b3 e6 3. Bb2 b6 4. Nf3 Bb7 5. Nc3 d5 6. exd5 exd5 7. d4 Nf6 8. Bb5+ Nbd7 9. O-O Be7 10. Ne5 O-O 11.
Nc6 Bxc6 12. Bxc6 Rc8 13. Bb7 Rc7 14. Ba6 cxd4 15. Nb5 Rc6 16. Nxd4 Rc7 17. Nf5 Bc5 18. Bd3 Re8 19. Qf3 Ne5 20. Bxe5 Rxe5 21. Qg3 Rxf5 22. Bxf5 Bd6 23. Qf3 g6 24. Bd3 Rc3 25. Rad1 Ne4 26. Qe2 f5 27. g3 Bc5 28. Kh1 Qg5 29. f3 Nf6 30. Rde1 Qh5 31. Qe5 1-0

[Event "Late-Titled-Tuesday-Blitz-October-03-2023"]
[Site "Chess.com"]
[Date "2023.10.03"]
[Round "4"]
[White "Langua_Chess"]
[Black "KaydenTroffChess"]
[Result "0-1"]
[WhiteElo "2493"]
[BlackElo "2749"]
[TimeControl "180+1"]
[EndTime "14:36:55 PDT"]
[Termination "KaydenTroffChess won on time"]

1. e4 c5 2. Nf3 g6 3. d4 cxd4 4. Nxd4 Bg7 5. c4 Qb6 6. Nb3 a5 7. Be3 Qb4+ 8. N1d2 Bxb2 9. Rb1 Bg7 10. Be2 a4 11. Nd4 Qa5 12. O-O Nf6 13. Nb5 O-O 14. e5 Ne8 15. f4 d6 16. exd6 Nxd6 17. Nxd6 exd6 18. Nf3 Re8 19. Bb6 Qc3 20. Re1 Bf5 21. Rc1 Qb4 22. Bf2 Nc6 23. Bd3 Bg4 24. Rb1 Qc3 25.
h3 Bxf3 26. Qxf3 Bd4 27. Rxe8+ Rxe8 28. Rxb7 Bxf2+ 0-1

[Event "Late-Titled-Tuesday-Blitz-October-03-2023"]
[Site "Chess.com"]
[Date "2023.10.03"]
[Round "4"]
[White "FabianoCaruana"]
[Black "Alexandr_Predke"]
[Result "1-0"]
[WhiteElo "3069"]
[BlackElo "2882"]
[TimeControl "180+1"]
[EndTime "14:36:58 PDT"]
[Termination "FabianoCaruana won by resignation"]

1. c4 Nf6 2. Nc3 c5 3. Nf3 e6 4. g3 b6 5. Bg2 Bb7 6. O-O Be7 7. d4 cxd4 8. Qxd4 O-O 9. Rd1 Nc6 10. Qf4 Qb8 11. b3 Rd8 12. Bb2 Qxf4 13. gxf4 d6 14. e3 g6 15. Nb5 Ne8 16. Nfd4 Rdc8 17. Ba3 Nd8 18. Nf3 Bf6 19. Rac1 d5 20. Ne5 a6 21. Nc3 Bxe5 22. fxe5 Nc6 23. Na4 Rd8 24. Nxb6 Rab8 25. f4 d4 26. Bc5 d3 27. Rc3 d2 28.
Rc2 Na5 29. Rcxd2 1-0

[Event "Late-Titled-Tuesday-Blitz-October-03-2023"]
[Site "Chess.com"]
[Date "2023.10.03"]
[Round "4"]
[White "Maestro1986"]
[Black "kingofthenil"]
[Result "0-1"]
[WhiteElo "2551"]
[BlackElo "2795"]
[TimeControl "180+1"]
[EndTime "14:36:58 PDT"]
[Termination "kingofthenil won by resignation"]

1. Nf3 d5 2. g3 Nf6 3. Bg2 Bf5 4. O-O e6 5. c4 c6 6. Qb3 Qb6 7. d3 Nbd7 8. Qxb6 axb6 9. b3 Bc5 10. Bb2 b5 11. cxb5 cxb5 12. a3 b4 13. Rc1 bxa3 14. Nxa3 O-O 15. Nd4 Bg6 16. Ndb5 Rfc8 17. Bf3 e5 18. d4 exd4 19. Nxd4 Ne5 20. Bg2 Ne4 21. Nab5 Rxa1 22. Bxa1 h5 23. f3 Bxd4+ 0-1

[Event "Late-Titled-Tuesday-Blitz-October-03-2023"]
[Site "Chess.com"]
[Date "2023.10.03"]
[Round "4"]
[White "Horokoskii"]
[Black "Saraisitave"]
[Result "1-0"]
[WhiteElo "2103"]
[BlackElo "2268"]
[TimeControl "180+1"]
[EndTime "14:36:58 PDT"]
[Termination "Horokoskii won by resignation"]

1. d4 d5 2. c4 c6 3. Nc3 Nf6 4. e3 Bf5 5. cxd5 cxd5 6. Qb3 Nc6 7. Qxb7 Bd7 8. Qb3 Rb8 9. Qd1 e5 10. dxe5 Nxe5 11. Be2 Bd6 12. Nf3 Nxf3+ 13. Bxf3 Qc7 14. Nxd5 Nxd5 15. Qxd5 O-O 16. h3 Be6 17. Qc6 Bb4+ 18. Kf1 Qe5 19. Qe4 Bc4+ 20. Kg1 Qxe4 21. Bxe4 Be6 22.
a3 Rfe8 23. axb4 1-0

[Event "Late-Titled-Tuesday-Blitz-October-03-2023"]
[Site "Chess.com"]
[Date "2023.10.03"]
[Round "4"]
[White "fyall777"]
[Black "mfwagnerpeixoto"]
[Result "1-0"]
[WhiteElo "2506"]
[BlackElo "2332"]
[TimeControl "180+1"]
[EndTime "14:37:01 PDT"]
[Termination "fyall777 won by resignation"]

1. b3 c6 2. Bb2 d5 3. e3 Nf6 4. f4 g6 5. Nf3 Bg7 6. Be2 O-O 7. O-O Bg4 8. Ne5 Bxe2 9. Qxe2 Nfd7 10.
d4 Nxe5 11. dxe5 e6 12. Nd2 Nd7 13. Rad1 f6 14. exf6 Bxf6 15. Bxf6 Qxf6 16. e4 Nb6 17.
c4 Rad8 18. cxd5 exd5 19. e5 Qe7 20. Qg4 Kh8 21. Nf3 a5 22. Ng5 Rde8 23. Rde1 d4 24. f5 gxf5 25. Rxf5 Rxf5 26. Qxf5 Rf8 27. Qg4 Rg8 28.
h4 Nd5 29. e6 1-0

[Event "Late-Titled-Tuesday-Blitz-October-03-2023"]
[Site "Chess.com"]
[Date "2023.10.03"]
[Round "4"]
[White "angelgab3"]
[Black "ContrVersia"]
[Result "0-1"]
[WhiteElo "2574"]
[BlackElo "2873"]
[TimeControl "180+1"]
[EndTime "14:37:02 PDT"]
[Termination "ContrVersia won by resignation"]

1. e4 c5 2. Nf3 a6 3. c4 Nc6 4. d4 cxd4 5. Nxd4 e5 6. Nf5 d6 7. Ne3 g6 8. Nc3 Bh6 9. Ned5 Bxc1 10. Rxc1 Be6 11. Be2 Nd4 12. Bg4 Nf6 13. Nxf6+ Qxf6 14. Bxe6 fxe6 15. O-O O-O 16. Kh1 Rac8 17. Qd3 Qg5 18. Ne2 Nxe2 19. Qxe2 b5 20. b3 Rc6 21. Rc2 Rfc8 22.
Rfc1 bxc4 23. bxc4 Kg7 24. g3 a5 25. h4 Qf6 26.
Rb1 d5 27. Rb7+ Kg8 28. exd5 exd5 29. Qd2 Qf3+ 30. Kg1 d4 31. Kh2 Rf6 32. Qxa5 Qxb7 0-1

[Event "Late-Titled-Tuesday-Blitz-October-03-2023"]
[Site "Chess.com"]
[Date "2023.10.03"]
[Round "4"]
[White "Dhaydon19"]
[Black "maxip32"]
[Result "1-0"]
[WhiteElo "2745"]
[BlackElo "2543"]
[TimeControl "180+1"]
[EndTime "14:37:04 PDT"]
[Termination "Dhaydon19 won by resignation"]

1. e4 e5 2. Nf3 Nf6 3. Nxe5 d6 4. Nf3 Nxe4 5. Nc3 Nf6 6. d4 Be7 7. Bd3 O-O 8. O-O Re8 9. h3 Nbd7 10. Bf4 Nf8 11.
Re1 Ng6 12. Bh2 Nh5 13. Ne2 Be6 14. c4 Qd7 15. Ng3 Nhf4 16. Bf1 d5 17. c5 c6 18. b4 a5 19. a3 Qd8 20. b5 Qd7 21.
a4 Bf6 22. Qd2 h6 23. Re3 Bxh3 24. gxh3 Nxh3+ 25. Kh1 Qg4 26. Bxh3 Qxh3 27. Rg1 Nf4 28. Rxe8+ Rxe8 29. Qxf4 1-0

[Event "Late-Titled-Tuesday-Blitz-October-03-2023"]
[Site "Chess.com"]
[Date "2023.10.03"]
[Round "4"]
[White "Inepton_Fermion"]
[Black "LeninGuerra"]
[Result "1-0"]
[WhiteElo "2408"]
[BlackElo "2588"]
[TimeControl "180+1"]
[EndTime "14:37:05 PDT"]
[Termination "Inepton_Fermion won by resignation"]

1. Nf3 c5 2. e4 e6 3. d4 cxd4 4. Nxd4 Nc6 5. Nc3 Qc7 6. Be3 a6 7. g4 Nxd4 8. Qxd4 Ne7 9. Qd2 Nc6 10. a3 b5 11. Bg2 Bb7 12. O-O Ne5 13. Bf4 d6 14. h3 Nc4 15. Qc1 Be7 16. Rd1 Rc8 17.
Bg3 O-O 18. Ne2 f5 19. Nd4 fxg4 20. Nxe6 Qb6 21. Nxf8 gxh3 22. Nd7 Qc6 23. Bxh3 Qxe4 24. Kh2 Bh4 25. Qf4 Bxg3+ 26. Qxg3 Nxb2 27. Nf6+ 1-0

[Event "Late-Titled-Tuesday-Blitz-October-03-2023"]
[Site "Chess.com"]
[Date "2023.10.03"]
[Round "4"]
[White "Malev212"]
[Black "as9killer2"]
[Result "1-0"]
[WhiteElo "2639"]
[BlackElo "2486"]
[TimeControl "180+1"]
[EndTime "14:37:09 PDT"]
[Termination "Malev212 won by checkmate"]

1. e4 d6 2. d4 Nf6 3. Nc3 e5 4. Nf3 Nbd7 5. Bc4 h6 6. O-O Be7 7. a4 a5 8. Re1 c6 9. Ba2 Qc7 10. h3 Nf8 11. Be3 g5 12. Nd2 Ne6 13.
d5 Nf4 14. Nc4 Ra6 15. dxc6 bxc6 16. Qd2 Be6 17. Rad1 d5 18. exd5 N6xd5 19. Bxf4 exf4 20. Nxd5 cxd5 21. Ne5 Rd6 22. Qd3 O-O 23. Ng6 Rfd8 24.
Nxe7+ Qxe7 25. Qd4 Rb8 26. c4 Rb4 27. b3 Rd7 28.
Bb1 dxc4 29. Qe4 Rxd1 30. Qh7+ Kf8 31. Qh8# 1-0

[Event "Late-Titled-Tuesday-Blitz-October-03-2023"]
[Site "Chess.com"]
[Date "2023.10.03"]
[Round "4"]
[White "Balla_Tamas"]
[Black "ETTrainer"]
[Result "0-1"]
[WhiteElo "2432"]
[BlackElo "2279"]
[TimeControl "180+1"]
[EndTime "14:37:12 PDT"]
[Termination "ETTrainer won by resignation"]

1. e4 c5 2. c3 e6 3. d4 d5 4.
exd5 Qxd5 5. Nf3 Nf6 6. Be3 cxd4 7. cxd4 Nc6 8. Nc3 Qd8 9. Bd3 Be7 10. O-O O-O 11. a3 a6 12. Qe2 Re8 13. Rad1 b5 14. Bb1 Bb7 15. Ne5 Nxe5 16. dxe5 Nd5 17. Nxd5 Bxd5 18. Rd4 Qc7 19. Qh5 g6 20. Qh6 Qxe5 21. Rfd1 Red8 22. Rg4 Be4 23. Re1 Bxb1 24. Rxb1 Qf5 25.
Re1 Qxg4 26. h3 Qh4 0-1

[Event "Late-Titled-Tuesday-Blitz-October-03-2023"]
[Site "Chess.com"]
[Date "2023.10.03"]
[Round "4"]
[White "AjedrezenMadrid"]
[Black "biostatistician"]
[Result "0-1"]
[WhiteElo "2467"]
[BlackElo "2627"]
[TimeControl "180+1"]
[EndTime "14:37:18 PDT"]
[Termination "biostatistician won on time"]

1. b3 d5 2. Bb2 Bg4 3. Nf3 Nc6 4.
e3 f6 5. d4 e6 6. Nbd2 Bd6 7.
c4 Nh6 8. h3 Bh5 9. Bd3 O-O 10.
a3 Qe8 11. b4 Bg6 12. Be2 Nf5 13. b5 Na5 14. c5 Be7 15. Bc3 b6 16. Bxa5 bxa5 17. Qa4 e5 18. g4 Nh6 19. Qxa5 exd4 20. exd4 c6 21. O-O Bd8 22. b6 Qxe2 23. Rae1 Qb5 24.
Qxb5 cxb5 25. b7 Rb8 26. c6 Bd3 0-1

[Event "Late-Titled-Tuesday-Blitz-October-03-2023"]
[Site "Chess.com"]
[Date "2023.10.03"]
[Round "4"]
[White "stasOR4ik"]
[Black "ArmanGhevondyanchess"]
[Result "0-1"]
[WhiteElo "2425"]
[BlackElo "2561"]
[TimeControl "180+1"]
[EndTime "14:37:18 PDT"]
[Termination "ArmanGhevondyanchess won by resignation"]

1. e4 c5 2. c3 d5 3. exd5 Qxd5 4. Nf3 Nf6 5. d4 e6 6. Be2 Be7 7. O-O O-O 8. Na3 Rd8 9. Nc2 Nc6 10. dxc5 Qxd1 11. Rxd1 Rxd1+ 12. Bxd1 Bxc5 13. Be3 Bxe3 14. Nxe3 b6 15. Ba4 Bb7 16. Rd1 Kf8 17. Rd6 Rd8 18.
Rxc6 Bxc6 19. Bxc6 Ng4 20. Ba4 b5 21. Bc2 Nxe3 22.
fxe3 a6 23. Kf1 Ke7 24. Ke2 f6 25. Bxh7 f5 26. g4 Rh8 27. Ng5 fxg4 28. Kf2 Kf6 29.
Ne4+ Ke5 30. Bg6 Rh6 31. Nc5 Rxg6 32. Nxa6 Rf6+ 33. Ke2 Rh6 34. Nc7 Rxh2+ 35. Kd3 Rxb2 36. e4 g3 0-1

[Event "Late-Titled-Tuesday-Blitz-October-03-2023"]
[Site "Chess.com"]
[Date "2023.10.03"]
[Round "4"]
[White "victormago"]
[Black "NCchamp"]
[Result "1-0"]
[WhiteElo "2492"]
[BlackElo "2308"]
[TimeControl "180+1"]
[EndTime "14:37:19 PDT"]
[Termination "victormago won by resignation"]

1. d4 d5 2. c4 dxc4 3. Nf3 a6 4. a4 Nf6 5. e3 Bg4 6. Bxc4 e6 7. h3 Bh5 8. Nc3 Nc6 9. O-O Bd6 10. Be2 O-O 11. Qb3 Qe7 12. Rd1 Rfd8 13. Bd2 Nb4 14. Be1 Bg6 15. Rac1 Rac8 16. Nh4 Bh5 17. Bxh5 Nxh5 18. Nf3 c5 19. Ne4 b6 20. a5 bxa5 21. dxc5 Bb8 22. Bxb4 axb4 23. Qxb4 Qc7 24. g4 Rxd1+ 25. Rxd1 Nf6 26. Nxf6+ gxf6 27. Qc3 Qxc5 28. Qxf6 Qc6 29.
Rd8+ Rxd8 30. Qxd8+ Kg7 31. Kg2 Be5 32. Qg5+ 1-0

[Event "Late-Titled-Tuesday-Blitz-October-03-2023"]
[Site "Chess.com"]
[Date "2023.10.03"]
[Round "4"]
[White "elcala"]
[Black "luca_va99"]
[Result "0-1"]
[WhiteElo "1728"]
[BlackElo "2286"]
[TimeControl "180+1"]
[EndTime "14:37:19 PDT"]
[Termination "luca_va99 won by resignation"]

1. d4 Nf6 2. c4 c5 3. e3 cxd4 4. exd4 d5 5. c5 g6 6. Nc3 Bg7 7.
Bb5+ Nc6 8. Nf3 O-O 9. O-O Ne4 10. Re1 f5 11. Bxc6 bxc6 12. Bf4 e6 13. h3 h6 14. Be5 Bd7 15. Bxg7 Kxg7 16. Ne5 Qc7 17.
Qf3 Rab8 18. Nxe4 dxe4 19. Qg3 g5 20. b3 Be8 21. f3 f4 22. Qg4 e3 23. Qxe6 Rf6 24.
Qc4 Bf7 25. Qd3 Bg8 26. Re2 Rd8 27. Qe4 Bh7 28. Ng6 Bxg6 0-1

[Event "Late-Titled-Tuesday-Blitz-October-03-2023"]
[Site "Chess.com"]
[Date "2023.10.03"]
[Round "4"]
[White "dropstoneDP"]
[Black "rookoco"]
[Result "1-0"]
[WhiteElo "3078"]
[BlackElo "2751"]
[TimeControl "180+1"]
[EndTime "14:37:20 PDT"]
[Termination "dropstoneDP won on time"]

1. e4 c5 2. Nf3 d6 3. d4 cxd4 4. Nxd4 Nf6 5. Nc3 g6 6. Be3 Bg7 7. f3 Nc6 8. Qd2 O-O 9. O-O-O d5 10. Nxc6 bxc6 11. Bh6 Rb8 12. Bxg7 Kxg7 13. h4 Qb6 14. b3 dxe4 15. h5 e3 16. h6+ Kg8 17.
Qd4 Be6 18. Qxb6 axb6 19. Re1 b5 20. Rxe3 b4 21. Na4 Nd5 22. Re5 Rfd8 23. Nc5 Bf5 24. g4 Bc8 25. Bc4 Kf8 26. Rhe1 e6 27. g5 Ra8 28. Kb2 Ra5 29. Nd3 c5 30. Bxd5 Rxd5 31. Rxd5 exd5 32. Re5 Bb7 33. f4 Rb5 34. f5 gxf5 35.
Rxf5 Ke7 36. Ne5 Ke6 37. Rxf7 Kxe5 38. g6 c4 39. gxh7 c3+ 40. Kc1 1-0

[Event "Late-Titled-Tuesday-Blitz-October-03-2023"]
[Site "Chess.com"]
[Date "2023.10.03"]
[Round "4"]
[White "Veiso"]
[Black "szachuspl"]
[Result "1-0"]
[WhiteElo "2413"]
[BlackElo "2526"]
[TimeControl "180+1"]
[EndTime "14:37:23 PDT"]
[Termination "Veiso won by resignation"]

1. d4 g6 2. e4 Bg7 3. Nc3 d6 4. Be3 a6 5. Qd2 b5 6. O-O-O Nd7 7. f3 Bb7 8. h4 h6 9. g4 c5 10. Nge2 Qc7 11. h5 g5 12. Ng3 e6 13. d5 Ne5 14.
dxe6 fxe6 15. Qxd6 Qxd6 16. Rxd6 Nxf3 17. Rxe6+ Kd7 18.
Rg6 Bxc3 19. bxc3 Ne7 20. Rg7 Rag8 21. Rxg8 Rxg8 22. Bxc5 Ne5 23. Be2 Rf8 24. Nf5 Rxf5 25. gxf5 Nxf5 26. Rd1+ Kc6 27. Bd4 Ng3 28. Bxe5 Nxe2+ 29. Kd2 Nf4 30. Bxf4 gxf4 31. Rf1 Kd6 32. Rxf4 Ke5 33.
Ke3 Bc8 34. Rf7 Be6 35. Ra7 Bg4 36. Rxa6 Bxh5 37. Rxh6 Bf7 38. a3 Bc4 39. Rc6 Bf1 40.
Rc5+ Ke6 41. Kd4 Kd6 42. e5+ Ke6 43. Rc6+ Kd7 44. Rf6 Be2 45. Kc5 Bc4 46. Rb6 Be2 47.
Rxb5 1-0

[Event "Late-Titled-Tuesday-Blitz-October-03-2023"]
[Site "Chess.com"]
[Date "2023.10.03"]
[Round "4"]
[White "Krakozia"]
[Black "stolencandy13"]
[Result "1-0"]
[WhiteElo "2990"]
[BlackElo "2578"]
[TimeControl "180+1"]
[EndTime "14:37:24 PDT"]
[Termination "Krakozia won by checkmate"]

1. c4 f5 2. d4 Nf6 3. g3 e6 4. Bg2 d5 5. Nh3 Nc6 6. O-O Be7 7. Nf4 g5 8. cxd5 exd5 9. Nd3 Nxd4 10. Bxg5 Ne6 11. Bxf6 Bxf6 12. Nc3 c6 13. e3 h5 14. h4 Bd7 15. Ne2 Qe7 16. Rc1 Rg8 17. Nef4 Nxf4 18. Nxf4 Qf7 19. b4 a6 20. a4 Rg4 21. Bf3 O-O-O 22. b5 Rdg8 23. bxc6 bxc6 24. Bxd5 Qe7 25. Bxc6 Bxc6 26. Rxc6+ Kb7 27. Qd5 Rxg3+ 28. fxg3 Qxe3+ 29. Kh1 Qxg3 30. Rb1+ Ka8 31. Rxa6# 1-0

[Event "Late-Titled-Tuesday-Blitz-October-03-2023"]
[Site "Chess.com"]
[Date "2023.10.03"]
[Round "4"]
[White "leoduarte"]
[Black "KVAIDAN"]
[Result "0-1"]
[WhiteElo "2437"]
[BlackElo "2276"]
[TimeControl "180+1"]
[EndTime "14:37:31 PDT"]
[Termination "KVAIDAN won on time"]

1. d4 e6 2. c4 f5 3. Nc3 Nf6 4. a3 Be7 5. Nf3 O-O 6. g3 d6 7.
Bg2 a5 8. O-O Qe8 9. b3 Qh5 10.
Bb2 Nbd7 11. Qd2 c6 12. b4 e5 13. dxe5 dxe5 14. e4 axb4 15. axb4 Rxa1 16. Rxa1 Bxb4 17. exf5 Nc5 18. Qd1 Bxf5 19. Nxe5 Qxd1+ 20. Rxd1 Bc2 21. Rc1 Bb3 22. Ne2 Re8 23. Nf4 Bd2 24. Ra1 Na4 25.
Ned3 Bxf4 26. gxf4 Bxc4 27. Rxa4 Re1+ 28. Nxe1 Bb5 29.
Ra8+ Kf7 30. Bf1 Bxf1 31. Kxf1 Nd5 32. Be5 b5 33. Ra7+ Ke6 34. Rxg7 b4 35. Rxh7 c5 36.
Nd3 c4 37. Rh6+ Kf5 38. Nc1 b3 39.
Rd6 Nb4 40. Rd4 b2 41. Rxc4 b1=Q 42. Kg2 Nd5 43. Ne2 Qb7 44. Ng3+ Ke6 0-1

[Event "Late-Titled-Tuesday-Blitz-October-03-2023"]
[Site "Chess.com"]
[Date "2023.10.03"]
[Round "4"]
[White "Cambek64"]
[Black "lluiss"]
[Result "1-0"]
[WhiteElo "2446"]
[BlackElo "2164"]
[TimeControl "180+1"]
[EndTime "14:37:32 PDT"]
[Termination "Cambek64 won by resignation"]

1. e4 e6 2. d3 d5 3. Qe2 Nf6 4.
e5 Nfd7 5. f4 g6 6. Nf3 h5 7. g3 c5 8. Bg2 Nc6 9. O-O Be7 10. c4 Nb6 11. Be3 h4 12. Nbd2 hxg3 13. hxg3 dxc4 14. dxc4 Nd4 15. Bxd4 cxd4 16. Qd3 O-O 17.
Ne4 Nd7 18. Qxd4 Nc5 19. Qxd8 Rxd8 20. Nfg5 Bd7 21. Rfd1 Bc6 22. b3 a5 23. Nxc5 Bxc5+ 24. Kf1 Bxg2+ 25. Kxg2 Kg7 26. Ne4 Bd4 27. Rac1 f6 28. exf6+ Bxf6 29. Nc5 Kf7 30. Nxb7 Rxd1 31. Rxd1 a4 32. Nd6+ Ke7 33. Ne4 axb3 34. axb3 Ra2+ 35. Kf3 Rb2 36. Rd3 Bg7 37. Kg4 Rb1 38. Kg5 Re1 39.
Nc5 1-0

[Event "Late-Titled-Tuesday-Blitz-October-03-2023"]
[Site "Chess.com"]
[Date "2023.10.03"]
[Round "4"]
[White "Ducke13"]
[Black "Garmendiarov"]
[Result "1-0"]
[WhiteElo "2487"]
[BlackElo "2307"]
[TimeControl "180+1"]
[EndTime "14:37:33 PDT"]
[Termination "Ducke13 won by resignation"]

1. b3 f5 2. Bb2 Nf6 3. Nf3 g6 4. g3 Bg7 5. Bg2 O-O 6. O-O d6 7. d3 e5 8. Nbd2 Nc6 9. a4 h6 10. h3 g5 11. a5 a6 12. Nc4 Qe8 13. Nh2 Qh5 14. e4 Qg6 15. exf5 Bxf5 16. Ne3 Be6 17. Qd2 Rf7 18. Rae1 Raf8 19. Nhg4 h5 20. Nxf6+ Rxf6 21. Nd5 R6f7 22. Be4 Bf5 23. f3 Nd4 24.
Bxd4 exd4 25. Bxf5 Qxf5 26. Ne7+ Rxe7 27. Rxe7 Bf6 28.
Rxc7 Qxh3 29. Qh2 Qe6 30. Qxh5 Qe3+ 31. Kg2 Bg7 32. Qg6 Qe5 33. Re1 Qf6 34. Qxf6 Rxf6 35.
Re8+ Bf8 36. Rxb7 Rf4 1-0